 Dungeon Crawl Stone Soup version 0.22-a0-803-gd6d8abeff0 (webtiles) character file.

178 Holzbalken the Cudgeler (level 5, -2/32 HPs)
             Began as a Gargoyle Monk on July 22, 2018.
             Slain by an orc priest
             ... wielding a +0 mace
              (6 damage)
             ... on level 4 of the Dungeon.
             The game lasted 00:07:48 (2640 turns).

Holzbalken the Cudgeler (Gargoyle Monk)             Turns: 2640, Time: 00:07:48

Health: -2/32      AC:  7    Str: 16    XL:     5   Next: 58%
Magic:  5/5        EV: 12    Int: 10    God:
Gold:   129        SH:  0    Dex:  9    Spells: 4/4 levels left

rFire    . . .     SeeInvis .   a - +0 mace
rCold    . . .     Gourm    .   (no shield)
rNeg     + . .     Faith    .   k - +0 leather armour (curse)
rPois    ∞         Spirit   .   (no helmet)
rElec    +         Reflect  .   (no cloak)
rCorr    .         Harm     .   (no gloves)
MR       .....                  (no boots)
Stlth    +.........             (no amulet)
HPRegen  0.10/turn              g - -3 ring of dexterity (curse)
MPRegen  0.09/turn              (no ring)

@: no status effects
A: negative energy resistance 1, electricity resistance, unbreathing,
petrification resistance, rot immunity, AC +4
a: no special abilities


You were on level 4 of the Dungeon.
You were hungry.

You visited 1 branch of the dungeon, and saw 4 of its levels.

You collected 129 gold pieces.

Inventory:

Hand Weapons
 a - a +0 mace (weapon)
 q - a +1 mace of protection
Armour
 b - a +0 robe
 i - a +0 scale mail
 k - a cursed +0 leather armour (worn)
Jewellery
 g - a cursed -3 ring of dexterity (left hand)
Scrolls
 d - 2 scrolls of remove curse {unknown}
 h - a scroll of amnesia {unknown}
 j - 2 scrolls of enchant armour {unknown}
 m - 3 scrolls of identify {unknown}
 p - a scroll of random uselessness {unknown}
Potions
 e - a potion of ambrosia {unknown}
 f - 2 potions of brilliance {unknown}
 l - a potion of berserk rage {unknown}
 n - 3 potions of degeneration {unknown}
 o - a potion of haste {unknown}
Comestibles
 c - 7 rations


   Skills:
 - Level 3.2 Fighting
 + Level 6.1 Maces & Flails
 - Level 2.4 Dodging
 - Level 2.1 Stealth


You had 4 spell levels left.
You didn't know any spells.
Your spell library was empty.

Dungeon Overview and Level Annotations

Branches:
Dungeon (4/15)
 Temple: D:4-7

Altars:
Fedhas
Makhleb
Okawaru
Ru


Innate Abilities, Weirdness & Mutations

You are resistant to torment.
Your stone body is resilient. (AC +4)
You are immune to poison.
You resist negative energy. (rN+)
You are resistant to electric shocks. (rElec)
You can survive without breathing.
You are immune to petrification.
You are immune to rotting.


Message History

The orc priest is heavily wounded.
The orc priest invokes the aid of Beogh against you.
Beogh smites you!
* * * LOW HITPOINT WARNING * * *
You hit the orc priest.
The orc priest is almost dead.
The orc priest mumbles some strange prayers to Beogh against you.
You barely resist. You barely miss the orc priest.
The orc priest is almost dead.
The orc priest hits you but does no damage.
You hit the orc priest but do no damage.
The orc priest is almost dead.
An orc comes into view. It is wielding a hand axe.
The orc priest casts a cantrip, but nothing happens.
The orc shouts!
You hit the orc priest but do no damage.
The orc priest is almost dead.
The orc priest hits you with a mace.
You die...

###...###..###
#.......#....#
#.......#....#
#.....<.#....#
###'#####....#
##.....##....#
#......##....#
#......##....##..
#......@o....o....#
##.....##o........#
#.....##.........#
#......##....##...#
#......##....# ...#
#.............. ..#
#...?........... .#
##.....##....###


You could see an orc priest, an orc wizard and an orc.

Vanquished Creatures
  A crimson imp (D:3)
  Jessica (D:3)
  A worker ant (D:3)
  3 adders
  An ooze (D:3)
  3 worms (D:2)
  2 dart slugs
  A leopard gecko (D:3)
  2 orcs
  4 bats (D:2)
  4 giant cockroaches
  8 goblins
  5 hobgoblins
  5 kobolds
  A ball python (D:1)
  3 frilled lizards
  5 rats
50 creatures vanquished.

Notes
Turn   | Place    | Note
-------+----------+-------------------------------------------
     0 | D:1      | Holzbalken the Gargoyle Monk began the quest for the Orb.
     0 | D:1      | Reached XP level 1. HP: 14/14 MP: 1/1
   495 | D:1      | Reached XP level 2. HP: 19/19 MP: 2/2
  1037 | D:2      | Reached skill level 4 in Maces & Flails
  1047 | D:2      | Reached XP level 3. HP: 18/23 MP: 3/3
  1598 | D:2      | Found a burning altar of Makhleb.
  1600 | D:2      | Found an iron altar of Okawaru.
  1605 | D:2      | Reached XP level 4. HP: 26/28 MP: 4/4
  1611 | D:2      | Found a sacrificial altar of Ru.
  2022 | D:3      | Reached skill level 5 in Maces & Flails
  2193 | D:3      | Noticed Jessica
  2217 | D:3      | Reached XP level 5. HP: 29/32 MP: 5/5
  2223 | D:3      | Killed Jessica
  2223 | D:3      | Reached skill level 6 in Maces & Flails
  2386 | D:3      | Found a blossoming altar of Fedhas.
  2640 | D:4      | Slain by an orc priest

Vault maps used:
D:1:      nagdon_arrival_double_spiral
D:2:      grunt_temple_overflow_diamond
D:3:      fedhas_altar_1, uniq_jessica
D:4:      first_ration, corexii_corridor_pit, uniq_crazy_yiuf_cottage

Skill      XL: |  1  2  3  4  5 |
---------------+----------------+-----
Maces & Flails | 4 5 6 |  6.1
Fighting       | |  3.2
Dodging        | |  2.4
Stealth        | |  2.1

Action                   |  1- 3 |  4- 6 || total
-------------------------+-------+-------++-------
Melee: Mace              |   107 |   130 ||   237
  Eat: Chunk             |     2 |     3 ||     5
Armor: Scale mail        |    73 |    52 ||   125
       Robe              |     4 |       ||     4
       Leather armour    |       |     2 ||     2
Dodge: Dodged            |    79 |    62 ||   141

Table legend:
 A = Spawn XP
 B = Non-spawn XP
 C = Spawn XP percentage of total XP
 D = Spawn monster count
 E = Non-spawn monster count
 F = Spawn count percentage of total count
 G = Total turns spent on level
                    A         B        C        D         E        F      G
               +---------+---------+-------+---------+---------+-------+---------
         Total |       0 |     255 |   0.0 |       0 |      50 |   0.0 |  2640
               +---------+---------+-------+---------+---------+-------+---------
           D:1 |       0 |      16 |   0.0 |       0 |       8 |   0.0 |  1032
           D:2 |       0 |      71 |   0.0 |       0 |      23 |   0.0 |   775
           D:3 |       0 |     165 |   0.0 |       0 |      18 |   0.0 |   791
           D:4 |       0 |       3 |   0.0 |       0 |       1 |   0.0 |    42
               +---------+---------+-------+---------+---------+-------+---------
